Map: Ultralove

Players

DarkWarrior

  • Race: Protoss Protoss
  • League: Diamond
  • Spawn Location: 7:00

wootwoot - Winner!

  • Race: Zerg Zerg
  • League: Diamond
  • Spawn Location: 1:00

VOD

Have the link to the VOD?

Description

Time

  • Played on: April 23, 2025, 6:31 a.m.
  • Length: 3:26
Show
View Real Time Build Order
Export as new Build Order

DarkWarrior Protoss 

Build Orders:  

Get SALT Encoding   

  12  0:01  Probe  
  13  0:13  Probe  
  14  0:21  Pylon  
  14  0:27  Probe  
  15  0:40  Gateway  
  15  0:41  Probe  
  16  0:47  Assimilator  
  16  0:53  Probe  
  17  1:06  Probe  
  17  1:09  Pylon  
  18  1:18  Probe  
  19  1:20  Zealot  
  19  1:28  Cybernetics Core  
  19  1:30  Probe  
  22  1:39  Zealot  
  22  1:40  Gateway  
  22  1:42  Probe  
Show
View Real Time Build Order
Export as new Build Order

wootwoot Zerg - Winner!

Build Orders: Pool Only 

Get SALT Encoding   

  12  0:18  Spawning Pool  
  11  0:21  Drone  
  11  0:26  Drone  
  13  0:30  Drone  
  14  0:40  Overlord  
  14  1:05  Zergling x6  
  17  1:16  Zergling x2  
  18  1:30  Zergling x2  
  19  1:41  Zergling x2  
  20  1:55  Zergling x2  
  21  2:05  Zergling x2  
  17  2:10  Zergling x2  
  10  2:22  Zergling x2  
Tags
 
Matchup
PvZ
Opening
Pool Only
Replay Pack
#1B2M-Replays
Spawn Locations
Cross Positions
Add a new tag
Caveats
  • Supply blocks, unpowered buildings, or Contaminate may cause inaccurate times.
  • Supply counts are checked every 10 seconds.